 Dungeon Crawl Stone Soup version 0.21-a0-414-gba8bdf1 (webtiles) character file.

144 Koleisus the Skirmisher (level 5, -1/47 HPs)
             Began as a Draconian Berserker on Nov 2, 2017.
             Was a Believer of Trog.
             Slain by a jackal (2 damage)
             ... on level 3 of the Dungeon.
             The game lasted 00:09:31 (1795 turns).

Koleisus the Skirmisher (Draconian Berserker)       Turns: 1795, Time: 00:09:32

Health: -1/47      AC:  5    Str: 21    XL:     5   Next: 5%
Magic:  5/5        EV: 13    Int:  7    God:    Trog [**....]
Gold:   64         SH:  0    Dex: 10    Spells: 4/4 levels left

rFire    . . .     SeeInvis .   n - -1 dagger (curse)
rCold    + . .     Gourm    .   (no shield)
rNeg     . . .     Faith    .   (armour unavailable)
rPois    .         Spirit   .   (helmet restricted)
rElec    .         Reflect  .   (no cloak)
rCorr    .         Harm     .   (no gloves)
MR       .....                  (no boots)
Stlth    +.........             (no amulet)
HPRegen  0.15/turn              f - ring of protection from cold
MPRegen  0.09/turn              j - ring of flight

@: berserk cooldown, slowed, very slow
A: unfitting armour, cold-blooded, AC +5
a: Berserk, Trog's Hand, Burn Spellbooks, Renounce Religion, Evoke Flight


You were on level 3 of the Dungeon.
You worshipped Trog.
Trog was pleased with you.
You were not hungry.

You visited 1 branch of the dungeon, and saw 3 of its levels.

You collected 64 gold pieces.

Inventory:

Hand Weapons
 a - a +0 mace
 n - a cursed -1 dagger (weapon)
Jewellery
 f - a ring of protection from cold (left hand)
 j - a ring of flight (right hand)
Wands
 l - a wand of random effects (28/48)
Scrolls
 d - 3 scrolls of enchant weapon {unknown}
 g - a scroll of identify {unknown}
 k - a scroll of remove curse {unknown}
Potions
 e - a potion of heal wounds {unknown}
 h - a potion of flight {unknown}
 i - 2 potions of curing {unknown}
Comestibles
 b - a bread ration
 c - 3 royal jellies
 m - 7 chunks of flesh


   Skills:
 + Level 4.6 Fighting
 + Level 0.3 Short Blades
 + Level 4.2 Maces & Flails
 + Level 3.4 Dodging


You had 4 spell levels left.
You didn't know any spells.

Dungeon Overview and Level Annotations

Branches:
Dungeon (3/15)

Altars:
Hepliaklqana


Innate Abilities, Weirdness & Mutations

Your plain brown scales are hard. (AC +5)
You cannot fit into any form of body armour.
You are cold-blooded and may be slowed by cold attacks.


Message History

You closely miss the frilled lizard.
The orc priest looks satisfied for a moment.
The frilled lizard closely misses you.
The orc priest mumbles some strange prayers to Beogh against you.
Beogh smites you!
You barely miss the frilled lizard.
The frilled lizard bites you but does no damage.
The orc priest casts a cantrip, but nothing happens.
The frilled lizard bites you.
You hit the frilled lizard.
You kill the frilled lizard!
Trog accepts your kill.
The orc priest calls down the wrath of Beogh upon you.
Beogh smites you!
* * * LOW HITPOINT WARNING * * *
You're still recovering from your berserk rage.
You hit the jackal.
The jackal is lightly wounded.
The jackal bites you.
You die...

#....#####.# #....
#.......# .....h..
###.....###.........
######...#.........
#..............hw>.
########.#....o....
#.##........
#..##.....# ##.@h##
###))# ##รท#
#.........#
#.....$...#
#........>#
#.........#
#.........#
............


You could see a worm, an orc priest and 2 jackals.

Vanquished Creatures
  An orc priest (D:3)
  Jessica (D:2)
  A gnoll (D:1)
  2 adders (D:2)
  A worm (D:2)
  3 leopard geckos
  3 orcs (D:3)
  3 giant cockroaches
  5 hobgoblins
  4 jackals
  6 kobolds
  A quokka (D:3)
  8 bats
  4 frilled lizards
  3 goblins
  4 rats
50 creatures vanquished.

Notes
Turn   | Place    | Note
-------+----------+-------------------------------------------
     0 | D:1      | Koleisus the Draconian Berserker began the quest for the Orb.
     0 | D:1      | Reached XP level 1. HP: 19/19 MP: 1/1
   173 | D:1      | Reached XP level 2. HP: 26/26 MP: 2/2
   716 | D:1      | Reached XP level 3. HP: 31/33 MP: 3/3
   896 | D:2      | Reached ** piety under Trog
  1173 | D:2      | Found a hazy altar of Hepliaklqana.
  1323 | D:2      | Noticed Jessica
  1332 | D:2      | Killed Jessica
  1332 | D:2      | Reached XP level 4. HP: 41/41 MP: 4/4
  1771 | D:3      | Reached XP level 5. HP: 23/47 MP: 5/5
  1794 | D:3      | HP: 1/47 [orc priest/divine providence (14)]
  1795 | D:3      | Slain by a jackal

Vault maps used:
D:1:      elethiomel_arrival_maze
D:2:      lemuel_statue_altar, uniq_jessica
D:3:      lightli_temple_of_fire, led_xom_imps, lemuel_round_altar,
          tso_metal_star

Skill      XL: |  1  2  3 |
---------------+----------+-----
Dodging        | 3 |  3.4
Fighting       | 4 |  4.6
Maces & Flails | 4 |  4.2
Short Blades   | |  0.3

Action                   |  1- 3 |  4- 6 || total
-------------------------+-------+-------++-------
Melee: Mace              |   122 |    33 ||   155
       Tailslap          |    14 |     9 ||    23
       Dagger            |       |    38 ||    38
Invok: Berserk           |     2 |     1 ||     3
       Trog's Hand       |       |     1 ||     1
  Eat: Chunk             |     2 |       ||     2
       Bread ration      |       |     1 ||     1
Armor: Skin              |    45 |    37 ||    82
Dodge: Dodged            |    91 |    83 ||   174

Table legend:
 A = Spawn XP
 B = Non-spawn XP
 C = Spawn XP percentage of total XP
 D = Spawn monster count
 E = Non-spawn monster count
 F = Spawn count percentage of total count
 G = Total turns spent on level
                    A         B        C        D         E        F      G
               +---------+---------+-------+---------+---------+-------+---------
         Total |       0 |     206 |   0.0 |       0 |      50 |   0.0 |  1795
               +---------+---------+-------+---------+---------+-------+---------
           D:1 |       0 |      47 |   0.0 |       0 |      19 |   0.0 |   855
           D:2 |       0 |      94 |   0.0 |       0 |      20 |   0.0 |   854
           D:3 |       0 |      65 |   0.0 |       0 |      11 |   0.0 |    86
               +---------+---------+-------+---------+---------+-------+---------
